 Dungeon Crawl Stone Soup version 0.26-a0-1049-g242049e08c (webtiles) character file.

Game seed: 10546998193525787387

640000 Dyku the Metallomancer (level 27, -14/176 HPs)
             Began as a Gargoyle Earth Elementalist on Dec 11, 2020.
             Was the Champion of Vehumet.
             Demolished by Feam Ohesiecw the pandemonium lord (20 damage)
             ... while paralysed by you
             ... on level 15 of a ziggurat on Dec 12, 2020.
             The game lasted 03:25:32 (71463 turns).

Dyku the Metallomancer (GrEE)                      Turns: 71463, Time: 03:25:33

Health: -14/176    AC: 18    Str: 15    XL:     27
Magic:  36/43      EV:  5    Int: 26    God:    Vehumet [******]
Gold:   10483      SH:  0    Dex: 10    Spells: 2/59 levels left

rFire    + . .     SeeInvis .   (weapon currently unavailable)
rCold    + + .     Faith    .   (shield currently unavailable)
rNeg     + + +     Spirit   .   (armour currently unavailable)
rPois    ∞         Reflect  .   (helmet currently unavailable)
rElec    +         Harm     .   (cloak currently unavailable)
rCorr    +         Rampage  .   (gloves currently unavailable)
Will     ++...                  (boots currently unavailable)
Stlth    ++........             (amulet currently unavailable)
HPRegen  0.39/turn              (ring currently unavailable)
MPRegen  0.28/turn              (ring currently unavailable)

@: paralysed, wisp-form, fire vulnerable, no potions, flying, hasted, quick
A: tiny, negative energy resistance 1, petrification resistance, rot immunity,
AC +20
}: 4/15 runes: decaying, silver, abyssal, gossamer
a: Renounce Religion


You were on level 15 of a ziggurat.
You worshipped Vehumet.
Vehumet was exalted by your worship.
You were an insubstantial wisp.
You visited 10 branches of the dungeon, and saw 48 of its levels.
You visited the Abyss 1 time.
You visited 1 bazaar.
You visited 1 ziggurat, and saw 15 of its levels.
You also visited: Ossuary and Gauntlet.

You collected 17682 gold pieces.
You spent 7199 gold pieces at shops.

Inventory:

Hand Weapons
 v - a +3 demon whip of electrocution
 B - the +7 eveningstar of Starshine (melded) {drain, Str+4}
   (You acquired it on level 5 of the Vaults)

   A truly terrible weapon, it drains the life of those it strikes.
   It affects your strength (+4).
Missiles
 I - 4 throwing nets (quivered)
Armour
 k - a +2 pair of boots (melded)
 y - a +1 cloak of willpower (melded)
 D - a +2 pair of gloves (melded)
 H - the +4 robe of Augmentation (melded) {Str+4 Int+4 Dex+4}
   (You found it on level 4 of the Vaults)

   It affects your strength (+4).
   It affects your intelligence (+4).
   It affects your dexterity (+4).
 J - a +2 helmet of see invisible (melded)
Jewellery
 f - the ring of Voecziuh (melded) {rF++ Will+ Str+6 Dex+5}
   (You found it on level 7 of a ziggurat)

   [ring of strength]

   It affects your strength (+6).
   It affects your dexterity (+5).
   It greatly protects you from fire.
   It affects your willpower, your defense against some magical effects.
 g - the amulet of Mirth (melded) {*Corrode Regen+ Int+6 Slay+4}
   (You found it on level 12 of a ziggurat)

   [amulet of regeneration]

   It affects your intelligence (+6).
   It affects your accuracy and damage with ranged weapons and melee attacks
   (+4).
   It increases your rate of regeneration.
   It may corrode you when you take damage.
 i - the amulet of Ocku Nox {Regen+ Dex+3 Stlth+}
   (You found it on level 3 of the Crypt)

   [amulet of regeneration]

   It affects your dexterity (+3).
   It increases your rate of regeneration.
   It makes you more stealthy.
 l - the ring of Agnosticism {rElec rN+ MP+9}
   (You found it on level 3 of the Crypt)

   [ring of positive energy]

   It insulates you from electricity.
   It protects you from negative energy.
   It affects your magic capacity (+9).
 m - the ring "Xat Edin" {+Inv rF+++ Str-5 Int-4 Dex-5}
   (You found it on level 2 of a ziggurat)

   [ring of intelligence]

   It affects your strength (-5).
   It affects your intelligence (-4).
   It affects your dexterity (-5).
   It renders you almost immune to fire.
   It lets you turn invisible.
 p - an uncursed amulet of reflection
 C - an uncursed ring of protection from fire
 E - the ring of Pypin (melded) {rF+ rCorr Int+5 Dex+3}
   (You found it on level 11 of a ziggurat)

   [ring of resist corrosion]

   It affects your intelligence (+5).
   It affects your dexterity (+3).
   It protects you from fire.
   It provides partial protection from all sources of acid and corrosion.
 L - an uncursed ring of wizardry
Wands
 M - a wand of iceblast (54)
 N - a wand of acid (36)
Scrolls
 d - 27 scrolls of teleportation
 q - 2 scrolls of fear
 r - 15 scrolls of amnesia
 u - 26 scrolls of remove curse
 w - 23 scrolls of identify
 x - 11 scrolls of fog
 O - 2 scrolls of magic mapping
Potions
 a - 9 potions of mutation
 b - 3 potions of ambrosia
 e - 12 potions of might
 j - 4 potions of magic
 n - 18 potions of curing
 o - 15 potions of cancellation
 G - 6 potions of brilliance
 T - 10 potions of heal wounds
 U - 8 potions of resistance
 V - 8 potions of berserk rage
 Z - 5 potions of invisibility
Miscellaneous
 h - a phantom mirror
 s - a condenser vane
 t - a lightning rod (4/4)
 A - a box of beasts
 F - a phial of floods
 Y - a tin of tremorstones (2/2)


   Skills:
 - Level 18.8 Fighting
 - Level 16.0 Maces & Flails
 - Level 6.0 Armour
 - Level 15.0 Dodging
 - Level 2.4 Stealth
 - Level 16.8 Spellcasting
 - Level 19.2 Conjurations
 + Level 8.3 Necromancy
 + Level 6.1 Transmutations
 - Level 20.8 Fire Magic
 - Level 22.0 Earth Magic
 - Level 10.0 Evocations


You had 2 spell levels left.
You knew the following spells:

 Your Spells              Type           Power        Failure   Level
a - Shatter               Erth           #######...   8%          9
b - Stone Arrow           Conj/Erth      ######       0%          3
c - Lee's Rapid Deconstr  Erth           #######...   0%          5
d - Iron Shot             Conj/Erth      #######...   1%          6
e - Necromutation         Tmut/Necr      ######....   100%        8
f - Fire Storm            Conj/Fire      #######...   17%         9
g - Ignition              Fire           #######...   1%          8
h - Irradiate             Conj/Tmut      ######....   1%          5
i - Dispel Undead         Necr           ######..     1%          4

Your spell library contained the following spells:

 Spells                   Type           Power        Failure   Level
 Lehudib's Crystal Spear  Conj/Erth      #######...   1%          8
 Tornado                  Air            ###.......   100%        9
 Foxfire                  Conj/Fire      ####         0%          1
 Sandblast                Erth           ######       0%          1
 Passwall                 Tmut/Erth      #######.     0%          2
 Animate Skeleton         Necr           ######       1%          1
 Beastly Appendage        Tmut           ######       1%          1
 Freeze                   Ice            ###.         1%          1
 Pain                     Necr           ####         1%          1
 Shock                    Conj/Air       ####         1%          1
 Sting                    Tmut/Pois      ####         1%          1
 Corpse Rot               Necr/Air       N/A          1%          2
 Wereblood                Tmut           ######..     1%          2
 Apportation              Tloc           ###...       2%          1
 Corona                   Hex            ###....      2%          1
 Summon Small Mammal      Summ           ###.         2%          1
 Blink                    Tloc           N/A          3%          2
 Call Imp                 Summ           ###.....     3%          2
 Ensorcelled Hibernation  Hex/Ice        ###...       3%          2
 Poisonous Vapours        Pois/Air       ###...       3%          2
 Slow                     Hex            ###.....     3%          2
 Swiftness                Air            ###.....     3%          2
 Conjure Flame            Conj/Fire      #######.     0%          3
 Sticky Flame             Conj/Fire      #######.     0%          4
 Bolt of Magma            Conj/Fire/Erth #######...   0%          5
 Fireball                 Conj/Fire      #######...   0%          5
 Iskenderun's Battlesphe  Conj           #######.     0%          5
 Dazzling Flash           Conj/Hex       ######       1%          3
 Frozen Ramparts          Ice            ###...       1%          3
 Ignite Poison            Fire/Tmut/Pois ######..     1%          3
 Inner Flame              Hex/Fire       ######..     1%          3
 Mephitic Cloud           Conj/Pois/Air  ######..     1%          3
 Spider Form              Tmut/Pois      #####.....   1%          3
 Static Discharge         Conj/Air       ######..     1%          3
 Vampiric Draining        Necr           ######....   1%          3
 Animate Dead             Necr           ######....   1%          4
 Fulminant Prism          Conj/Hex       ######....   1%          4
 Hailstorm                Conj/Ice       ######..     1%          4
 Iskenderun's Mystic Bla  Conj/Tloc      ######..     1%          4
 Leda's Liquefaction      Hex/Erth       ######....   1%          4
 Petrify                  Tmut/Erth      #######.     1%          4
 Agony                    Necr           ######..     1%          5
 Excruciating Wounds      Necr           ######....   1%          5
 Lightning Bolt           Conj/Air       ######....   1%          5
 Starburst                Conj/Fire      #######...   1%          6
 Orb of Destruction       Conj           #######...   1%          7
 Blade Hands              Tmut           ######....   4%          5
 Yara's Violent Unravell  Hex/Tmut       #####.....   5%          5
 Airstrike                Air            ###.......   6%          4
 Ice Form                 Ice/Tmut       #####...     6%          4
 Olgreb's Toxic Radiance  Pois           ###.....     6%          4
 Call Canine Familiar     Summ           ###.....     7%          3
 Confusing Touch          Hex            ###.....     7%          3
 Gell's Gravitas          Tloc           ###.......   7%          3
 Lesser Beckoning         Tloc           ###.......   7%          3
 Ozocubu's Armour         Ice            ###.....     7%          3
 Portal Projectile        Hex/Tloc       ###...       7%          3
 Summon Guardian Golem    Hex/Summ       ###.....     7%          3
 Tukima's Dance           Hex            ###.....     7%          3
 Freezing Cloud           Conj/Ice/Air   ######....   7%          6
 Spellforged Servitor     Conj/Summ      ######....   11%         7
 Death Channel            Necr           ######....   12%         6
 Alistair's Intoxication  Tmut/Pois      #####....    19%         5
 Cause Fear               Hex            ###.......   22%         4
 Summon Ice Beast         Ice/Summ       ###.....     22%         4
 Summon Lightning Spire   Summ/Air       ###.....     22%         4
 Metabolic Englaciation   Hex/Ice        ###.......   54%         5
 Silence                  Hex/Air        ###.......   54%         5
 Summon Demon             Summ           ###.......   54%         5
 Summon Forest            Summ/Tloc      ###.......   54%         5
 Simulacrum               Ice/Necr       #####.....   54%         6
 Chain Lightning          Conj/Air       ######....   56%         8
 Eringya's Noxious Bog    Tmut/Pois      #####.....   69%         6
 Dragon Form              Tmut           ######....   83%         7
 Invisibility             Hex            ###.....     98%         6
 Haunt                    Necr/Summ      #####.....   98%         7
 Borgnjor's Revivificati  Necr           ######....   99%         8
 Infestation              Necr           ######....   99%         8
 Malign Gateway           Summ/Tloc      ###.......   100%        7
 Discord                  Hex            ###.......   100%        8
 Absolute Zero            Ice            ###.......   100%        9
 Death's Door             Necr           ######....   100%        9
 Dragon's Call            Summ           ###.......   100%        9
 Sublimation of Blood     Necr           Unusable     N/A         2
 Statue Form              Tmut/Erth      Unusable     N/A         6

Dungeon Overview and Level Annotations

Branches:
Dungeon (15/15)            Temple (1/1) D:5            Lair (6/6) D:10
  Swamp (4/4) Lair:2       Spider (4/4) Lair:3        Slime (0/5) Lair:5
    Orc (2/2) D:12            Elf (3/3) Orc:2        Vaults (5/5) D:14
  Crypt (3/3) Vaults:3       Tomb (0/3) Crypt:3      Depths (5/5) D:15
    Zot (0/5) Depths:5    Ossuary (visited)         Gauntlet (visited)

Altars:
Ashenzari
Cheibriados
Dithmenos
Elyvilon
Fedhas
Gozag
Hepliaklqana
Kikubaaqudgha
Makhleb
Nemelex Xobeh
Okawaru
Qazlal
Ru
Sif Muna
Trog
Uskayaw
Vehumet
Wu Jian
Xom
Yredelemnul
Zin
The Shining One
Beogh
Jiyva

Shops:
D:4 *   D:5 :   D:9 *   D:10 (   D:11 *   Orc:2 }[[!*   Elf:1 [*   Vaults:3 *
Vaults:5 ?!!??}(}   Depths:1 ==}   Depths:5 *

Portals:
Hell: Depths:1 Depths:2 Depths:3 Depths:4 Depths:5
Abyss: Elf:1 Depths:4
Pandemonium: Orc:2 Depths:3 Depths:4
Trove: D:11 (show slimy rune of Zot)

Annotations:
D:3 3 runed translucent doors, Alado's ghost, amateur DrAK
D:6 exclusion: upstairs
D:11 3 runed translucent doors, pentaxis93's ghost, novice DrTm
Lair:5 exclusion: 2 oklob plants
Elf:1 2 transporters, 6 runed translucent doors, Zarkath's ghost, veteran DsDe
Elf:2 3 runed translucent doors


Innate Abilities, Weirdness & Mutations

You are resistant to torment.
((Your stone body is resilient. (AC +20)))
You are immune to poison.
((Your large and strong wings let you fly indefinitely.))
You resist negative energy. (rN+)
((You are resistant to electric shocks. (rElec)))
((You can survive without breathing.))
You are immune to petrification.
You are immune to rotting.
((You are partially covered in molten scales. (AC +2)))
((You are covered in fur. (AC +1)))


Message History

The damnation engulfs the cyan very ugly thing!!
Owohesae gestures.
The Killer Klown is engulfed in seething chaos.
The Killer Klown seems to grow stronger.
The Killer Klown blinks!
The cyan very ugly thing is engulfed in seething chaos.
The cyan very ugly thing claws you. The cyan very ugly thing shocks you!
You resist.
* * * LOW HITPOINT WARNING * * *
The merfolk changes into a swamp worm!
Fisivvem sneers, "Escape whilst thou can!"
The Killer Klown hits you with a +8 club of electrocution!
* * * LOW HITPOINT WARNING * * *
The Killer Klown blinks!
The Killer Klown trip-wires you with a +8 club of electrocution.
* * * LOW HITPOINT WARNING * * *
The stone giant hits you!!
* * * LOW HITPOINT WARNING * * *
Feam Ohesiecw hits you!!
You die...

▓▓▓▓▓▓▓▓▓▓▓▓▓
▓▓....Rp.....▓▓
▓▓.....1..pv...▓
▓▓..§.§...&&Cp...▓
▓▓.....C#u§u#&t4.))▓
▓▓...C§.p§&t4Jp...)(:▓
▓▓........§§2......|:$∩
▓.∩..p....§§§......=?[>
▓▓.......§.§§w.....|"[∩
▓▓.....§..§p......)(:▓
▓▓......§4§.#.


You could see Cicecw (clouds), Feam Ohesiecw, Fisivvem, Owohesae, 6 Killer
Klowns, a frost giant, a cyan very ugly thing (agile), a Brimstone Fiend
(summoned), a stone giant, an azure jelly, an eleionoma, a white ugly thing, 2
apocalypse crabs, a hellion (summoned), a swamp worm shaped shifter and 2 chaos
spawn.

Vanquished Creatures
  2 ancient liches (Crypt:3)
  Mara (Vaults:5)
  A juggernaut (Depths:5)
  Xtahua (Vaults:4)
  3 pandemonium lords
  2 caustic shrikes (Depths:4)
  3 golden dragons
  Jory (Vaults:2)
  3 bone dragons
  3 tentacled monstrosities
  Asterion (Depths:2)
  Jorgrun (D:14)
  6 liches
  2 deep elf master archers (Elf:3)
  2 deep elf blademasters (Elf:3)
  8 sphinxes
  A thorn hunter (Swamp:4)
  3 quicksilver dragons
  Frances (D:14)
  2 ancient champions
  5 tentacled starspawn
  6 storm dragons
  Gastronok (Lair:2)
  7 tengu reavers
  2 draconian monks (Zig:12)
  7 shadow dragons
  2 fenstrider witches
  Roxanne (Elf:1)
  Donald (Swamp:2)
  3 revenants
  A fenstrider witch (shapeshifter) (Zig:14)
  6 deep elf sorcerers
  5 frost giants
  2 draconian scorchers
  2 draconian knights (Zig:12)
  13 vault wardens
  Aizul (Depths:1)
  An iron dragon (Vaults:5)
  3 nagarajas (Zig:9)
  4 ghost moths
  13 fire giants
  A warmonger (Zig:5)
  2 balrugs
  6 curse skulls
  3 draconian shifters (Zig:12)
  A juggernaut zombie (Depths:3)
  6 emperor scorpions (Spider:4)
  5 deep elf elementalists
  A reaper (Crypt:1)
  16 ironheart preservers
  31 very ugly things
  2 spriggan defenders (Depths:5)
  3 ghouls
  5 war gargoyles
  3 draconian stormcallers
  27 stone giants
  A draconian annihilator (Zig:12)
  A blood saint (Zig:5)
  A black sun (Zig:5)
  A corrupter (Zig:10)
  9 bunyips
  7 deep elf demonologists
  Nessos (Orc:2)
  7 vampire knights
  3 green draconians (Zig:12)
  2 minotaurs
  2 white draconians (Depths:5)
  3 yellow draconians
  A black draconian (Zig:12)
  An entropy weaver (Vaults:2)
  A purple draconian (Depths:5)
  8 spark wasps
  7 deep elf annihilators
  3 dire elephants (Depths:4)
  3 eleionomae
  Snorg (Orc:2)
  9 deep elf death magi
  11 eidola
  3 green deaths
  18 ettins
  A crystal guardian (Vaults:3)
  2 merfolk impalers (Depths:1)
  A quicksilver dragon zombie (Crypt:1)
  An eleionoma (shapeshifter) (Zig:14)
  A merfolk javelineer (Depths:1)
  11 fire dragons
  A shambling mangrove (Swamp:4)
  The ghost of Dankas the Fighter, a journeyman GrFE of Sif Muna (Lair:2)
  18 jiangshi
  25 yaktaur captains
  4 deep elf high priests
  The ghost of Majang the Cleaver, a journeyman MiBe of Trog (Orc:1)
  9 great orbs of eyes
  An ice dragon (shapeshifter) (Vaults:2)
  31 vault guards
  19 ice dragons
  5 rakshasas
  2 ghost crabs (Zig:11)
  31 hydras
  The ghost of Morbidden the Destroyer, a journeyman DsCj of Vehumet (D:12)
  6 spriggan air magi
  4 boulder beetles
  9 centaur warriors
  7 ogre magi
  22 two-headed ogres
  A catoblepas (D:13)
  16 alligators
  9 tengu warriors
  18 dancing weapons
  2 anacondas
  8 death knights
  A two-headed ogre (shapeshifter) (D:14)
  10 vampire magi
  7 deep troll earth magi
  5 deep troll shamans
  12 orc high priests
  3 naga sharpshooters (Zig:9)
  A thrashing horror (Abyss:3)
  A titan zombie (Depths:2)
  Sonja (Lair:2)
  12 spriggan berserkers
  3 sun demons
  An iron troll (Depths:1)
  21 deep elf knights
  8 wretched stars
  2 titan skeletons
  3 soul eaters
  3 spatial maelstroms
  A salamander mystic (Zig:9)
  A sixfirhy (D:11)
  12 large abominations
  An anaconda zombie (Crypt:1)
  11 skeletal warriors
  7 hell knights
  7 goliath frogs
  A sea snake (shapeshifter) (Zig:14)
  6 unseen horrors
  8 starcursed masses
  3 gelid demonspawn
  5 shadow wraiths
  11 spriggan druids
  2 ghost moth zombies
  2 unseen horrors (shapeshifter)
  6 glowing orange brains
  11 swamp dragons
  16 bog bodies
  A torturous demonspawn (Orc:2)
  20 deep trolls
  3 lindwurms
  21 flayed ghosts
  5 wizards
  20 phantasmal warriors
  2 orange crystal statues (Abyss:3)
  10 deep elf archers
  25 ironbrand convokers
  10 necromancers
  A shadow dragon zombie (Crypt:3)
  2 mana vipers
  A harpy (Depths:4)
  A golden dragon skeleton (Crypt:2)
  19 orb spiders
  An anaconda skeleton (Crypt:1)
  2 mana vipers (shapeshifter)
  57 deep elf magi
  A harpy (shapeshifter) (Depths:2)
  A wolf spider zombie (D:15)
  58 ugly things
  2 fire giant zombies
  15 orc knights
  39 wolf spiders
  11 orc sorcerers
  2 shining eyes (shapeshifter)
  2 salamanders
  2 frost giant zombies
  11 cyclopes
  A stone giant zombie (Crypt:1)
  3 elephants (Lair:4)
  4 manticores
  4 moths of wrath
  3 shadow dragon skeletons
  3 guardian serpents
  4 will-o-the-wisps
  A black mamba (shapeshifter) (Vaults:3)
  13 black mambas
  2 stone giant skeletons
  20 vault sentinels
  An apocalypse crab (Abyss:3)
  3 frost giant skeletons
  A rust devil (Orc:2)
  11 fire giant skeletons
  9 smoke demons
  2 naga magi
  9 torpor snails
  7 orange demons
  A water nymph (shapeshifter) (Vaults:3)
  6 gargoyles
  11 cane toads
  A grey draconian zombie (Crypt:2)
  A shock serpent skeleton (Crypt:1)
  An emperor scorpion zombie (Crypt:1)
  2 torpor snails (shapeshifter)
  A dire elephant skeleton (Crypt:1)
  A catoblepas zombie (Crypt:1)
  A hellion (Zig:3)
  5 rime drakes
  40 yaktaurs
  2 kobold demonologists (D:11)
  A tormentor (Zig:3)
  14 komodo dragons
  16 demonic crawlers
  A hellwing (Depths:2)
  An ice devil (Orc:2)
  2 yaktaur skeletons
  12 freezing wraiths
  A redback zombie (D:15)
  2 red devils (D:14)
  A queen bee (shapeshifter) (Depths:2)
  11 polar bears (Lair:6)
  8 ancient zymes
  A silent spectre (Abyss:3)
  2 jumping spiders (shapeshifter)
  A meliai (shapeshifter) (D:12)
  31 jumping spiders
  A bloated husk (Zig:11)
  2 merfolk (shapeshifter)
  10 tyrant leeches
  7 meliai
  7 tengu conjurers
  25 hornets
  A hornet (shapeshifter) (Depths:2)
  A death drake skeleton (Crypt:1)
  9 trolls
  Prince Ribbit (D:6)
  2 wolf spider simulacra (D:15)
  A hydra skeleton (Abyss:3)
  29 blink frogs
  36 slime creatures
  9 raiju
  A blink frog (shapeshifter) (Vaults:4)
  2 alligator zombies (Crypt:1)
  A sphinx simulacrum (Depths:3)
  A human simulacrum (Vaults:3)
  2 ettin zombies (Crypt:1)
  A black mamba zombie (Crypt:1)
  A meliai zombie (Crypt:2)
  4 flying skulls (Crypt:1)
  2 frost giant simulacra
  A dream sheep (shapeshifter) (Zig:14)
  9 fire dragon skeletons (Crypt:3)
  2 air elementals
  A shock serpent simulacrum (Crypt:1)
  22 tarantellas
  A spriggan (shapeshifter) (Vaults:3)
  2 ynoxinuls (Zig:13)
  5 ettin skeletons
  5 shadows
  A redback (shapeshifter) (Vaults:5)
  69 redbacks
  7 vampires
  15 spriggans
  54 yaks
  6 wyverns
  7 basilisks
  11 water elementals
  A yak (shapeshifter) (Depths:3)
  18 wraiths
  8 fire elementals
  A golden eye (Zig:13)
  A hog (shapeshifter) (Vaults:5)
  3 steam dragons
  2 humans (shapeshifter)
  7 neqoxecs
  A steam dragon (shapeshifter) (Vaults:3)
  4 chaos spawn
  13 vampire mosquitoes
  2 nagas (Zig:9)
  Edmund (D:4)
  10 wargs
  2 deep troll zombies
  5 soldier ants
  7 insubstantial wisps
  2 cane toad zombies
  A swamp worm (shapeshifter) (Vaults:1)
  16 hell hounds
  18 swamp worms
  20 water moccasins
  A water moccasin (shapeshifter) (Vaults:3)
  3 acid dragons
  A floating eye (Depths:3)
  Duvessa (D:5)
  3 ice beasts
  A gelid demonspawn skeleton (Crypt:2)
  14 swamp drakes
  54 orc warriors
  A cane toad skeleton (Crypt:1)
  4 necrophages
  An elf simulacrum (Zig:13)
  4 eyes of draining
  A lindwurm zombie (Crypt:1)
  14 black bears
  26 ogres
  4 phantoms
  6 sky beasts
  A snapping turtle zombie (Crypt:1)
  33 wolves
  A swamp dragon zombie (Crypt:1)
  2 human skeletons (Vaults:2)
  A boggart (Vaults:3)
  3 elf skeletons
  A swamp dragon skeleton (Crypt:1)
  8 centaurs
  7 big kobolds
  An elf zombie (Ossuary)
  A wyvern zombie (Crypt:1)
  20 bullfrogs
  An ogre simulacrum (Vaults:1)
  2 earth elementals
  Dowan (D:5)
  A wyvern skeleton (D:6)
  A water moccasin skeleton (D:7)
  9 scorpions
  29 killer bees
  5 small abominations
  A spriggan zombie (Crypt:2)
  6 spriggan skeletons
  9 howler monkeys
  15 wights
  7 electric eels
  A wolf skeleton (Crypt:2)
  A crimson imp (Zig:3)
  2 bullfrog zombies
  8 centaur skeletons
  6 centaur zombies
  A human zombie (Ossuary)
  34 orc priests
  37 orc wizards
  15 hounds
  5 jellies
  2 quasits
  Crazy Yiuf (D:4)
  3 bullfrog skeletons
  9 iguanas
  2 iron imps
  Jessica (D:2)
  A basilisk skeleton (Crypt:1)
  Ijyb (D:4)
  A hell rat (Crypt:1)
  7 worker ants
  5 polar bear simulacra (Lair:5)
  2 yak simulacra (Lair:5)
  A wolf simulacrum (Lair:5)
  A big kobold zombie (Ossuary)
  A deep dwarf zombie (Crypt:2)
  A felid skeleton (Crypt:1)
  3 hound zombies
  A naga skeleton (Crypt:2)
  2 mummies (Ossuary)
  A worker ant zombie (D:9)
  A howler monkey skeleton (D:4)
  9 adders
  5 gnolls (D:9)
  3 shadow imps (D:7)
  6 white imps
  3 ufetubi
  An ooze (D:3)
  A lava snake zombie (Crypt:1)
  3 adder skeletons
  5 adder zombies
  2 worms
  2 dart slugs
  13 leopard geckos
  138 orcs
  3 ball pythons
  8 giant cockroaches
  9 goblins
  8 hobgoblins
  20 jackals
  37 kobolds
  5 quokkas
  8 bats
  3 frilled lizards
  8 hobgoblin zombies (Ossuary)
  A jackal skeleton (D:4)
  3 jackal zombies (Ossuary)
  9 kobold zombies (Ossuary)
  A leopard gecko zombie (D:8)
  8 orc zombies (Ossuary)
  2 quokka skeletons
  9 rats
  A rat zombie (Ossuary)
  3 river rat simulacra (Lair:5)
  2 bushes (Depths:4)
  5 crawling corpses (Elf:3)
  23 fire vortices
  2 plants
  3 starspawn tentacles
2797 creatures vanquished.

Vanquished Creatures (collateral kills)
  A will-o-the-wisp (Zig:2)
  A smoke demon (Zig:10)
  A wyvern (Zig:7)
  A plant (Depths:4)
4 creatures vanquished.

Vanquished Creatures (others)
  An Executioner (Zig:5)
  An ugly thing (Zig:14)
  A bloated husk (Swamp:1)
  A vampire mosquito (Swamp:2)
  3 insubstantial wisps (Elf:2)
  An orc warrior (Orc:2)
  An orc priest (Elf:1)
  5 orcs
  A bush (D:8)
  33 fire vortices
  2 foxfires (Zig:11)
  30 fungi
  147 plants
  A starspawn tentacle (Zig:10)
  24 withered plants (Crypt:3)
252 creatures vanquished.

Grand Total: 3053 creatures vanquished

Notes
Turn   | Place    | Note
-------+----------+-------------------------------------------
     0 | D:1      | Dyku the Gargoyle Earth Elementalist began the quest for
                  | the Orb.
     0 | D:1      | Reached XP level 1. HP: 10/10 MP: 3/3
   102 | D:1      | Reached skill level 4 in Earth Magic
   173 | D:1      | Reached XP level 2. HP: 15/15 MP: 3/5
   911 | D:1      | Reached XP level 3. HP: 19/19 MP: 4/6
   921 | D:1      | Learned a level 3 spell: Stone Arrow
  1736 | D:2      | Noticed Jessica
  1740 | D:2      | Killed Jessica
  1741 | D:2      | Reached skill level 1 in Conjurations
  1741 | D:2      | Reached XP level 4. HP: 24/24 MP: 4/7
  1911 | D:2      | Found a hazy altar of Hepliaklqana.
  1912 | D:2      | Found a shimmering altar of Xom.
  1913 | D:2      | Noticed a spectral ugly thing
  2436 | D:3      | Reached skill level 5 in Earth Magic
  2802 | D:3      | Found a shimmering blue altar of Sif Muna.
  2854 | D:3      | Noticed Alado's ghost (amateur DrAK)
  2857 | D:3      | Found a runed translucent gate.
  2857 | D:3      | Found a runed translucent gate.
  2857 | D:3      | Found a runed translucent gate.
  2942 | D:3      | Reached XP level 5. HP: 28/28 MP: 7/9
  3144 | D:3      | Learned a level 5 spell: Lee's Rapid Deconstruction
  3167 | D:3      | Found a white marble altar of Elyvilon.
  3170 | D:3      | Found a hide-covered altar of Uskayaw.
  3170 | D:3      | Found an opulent altar of Gozag.
  3628 | D:4      | Noticed Edmund
  3639 | D:4      | Killed Edmund
  3640 | D:4      | Reached XP level 6. HP: 16/32 MP: 11/11
  3821 | D:4      | Found a shimmering blue altar of Sif Muna.
  4008 | D:4      | Found the +10 Black Knight's barding {ponderous, rPois rN+}
  4148 | D:4      | Found Akhor's Serpentskin Sales.
  4237 | D:4      | Noticed Ijyb
  4258 | D:4      | Killed Ijyb
  4259 | D:4      | Reached skill level 6 in Earth Magic
  4264 | D:4      | Got a distressingly furry robe
  4275 | D:4      | Identified the +2 robe of Anaesthesia {+Fly Regen+ Str-5
                  | Int+3} (You found it on level 4 of the Dungeon)
  4567 | D:4      | Reached XP level 7. HP: 36/36 MP: 13/13
  4654 | D:4      | Found an ornate altar of the Wu Jian Council.
  4680 | D:4      | Found a runed translucent door.
  4681 | D:4      | Noticed Crazy Yiuf
  4686 | D:4      | Killed Crazy Yiuf
  4849 | D:5      | Entered Level 5 of the Dungeon
  4896 | D:5      | Found a sand-covered staircase.
  4918 | Ossuary  | Entered an ossuary
  5264 | Ossuary  | Reached skill level 1 in Maces & Flails
  5289 | Ossuary  | Reached skill level 1 in Fighting
  5289 | Ossuary  | Reached skill level 1 in Armour
  5289 | Ossuary  | Reached XP level 8. HP: 36/43 MP: 14/14
  5314 | Ossuary  | Reached skill level 7 in Earth Magic
  5338 | Ossuary  | Reached skill level 1 in Evocations
  5519 | D:5      | Reached skill level 5 in Conjurations
  5675 | D:5      | Noticed Duvessa
  5676 | D:5      | Noticed Dowan
  5711 | D:5      | Killed Duvessa
  5721 | D:5      | Killed Dowan
  6111 | D:5      | Reached skill level 5 in Spellcasting
  6180 | D:5      | Found a staircase to the Ecumenical Temple.
  6267 | D:5      | Found an iron altar of Okawaru.
  6372 | D:5      | Reached XP level 9. HP: 49/49 MP: 16/16
  6400 | D:5      | Found Migrat's Book Shoppe.
  6488 | D:6      | Noticed Prince Ribbit
  6509 | D:6      | Killed Prince Ribbit
  6872 | Temple   | Entered the Ecumenical Temple
  6882 | Temple   | Became a worshipper of Vehumet
  6918 | D:5      | Noticed a rust devil
  6918 | D:5      | Noticed a rust devil
  7899 | D:6      | Got a jewelled leather armour
  7910 | D:6      | Identified the +3 leather armour "Laoregikk" {Harm +Inv
                  | Int-3} (You found it on level 6 of the Dungeon)
  7973 | D:7      | Reached skill level 8 in Earth Magic
  8781 | D:7      | Reached * piety under Vehumet
  8781 | D:7      | Offered knowledge of Magic Dart by Vehumet.
  8782 | D:7      | Found a broken altar of Ashenzari.
  8921 | D:7      | Reached XP level 10. HP: 49/56 MP: 18/18
  9160 | D:8      | Found a blossoming altar of Fedhas.
 10045 | D:8      | Offered knowledge of Freeze by Vehumet.
 10053 | D:8      | Reached ** piety under Vehumet
 10658 | D:8      | Reached skill level 5 in Armour
 10814 | D:8      | Found a runed translucent door.
 10831 | D:8      | Reached skill level 5 in Fighting
 10848 | D:8      | Offered knowledge of Frozen Ramparts by Vehumet.
 10848 | D:8      | Reached *** piety under Vehumet
 10849 | D:8      | Reached skill level 9 in Earth Magic
 11037 | D:8      | Found a roughly hewn altar of Beogh.
 11155 | D:9      | Gained mutation: You are partially covered in molten
                  | scales. (AC +2) [potion of mutation]
 11155 | D:9      | Gained mutation: You are agile. (Dex +2) [potion of
                  | mutation]
 11466 | D:9      | Reached XP level 11. HP: 64/64 MP: 20/20
 11473 | D:9      | Noticed an ogre mage
 11476 | D:9      | Reached skill level 5 in Maces & Flails
 11476 | D:9      | Noticed a deep elf mage
 11477 | D:9      | Killed an ogre mage
 11478 | D:9      | Killed a manticore
 11478 | D:9      | Noticed a two-headed ogre
 11486 | D:9      | Killed a deep elf mage
 11488 | D:9      | Noticed a brown ugly thing
 11488 | D:9      | Noticed a mana viper
 11489 | D:9      | Noticed a deep elf mage
 11490 | D:9      | Killed a two-headed ogre
 11490 | D:9      | Offered knowledge of Static Discharge by Vehumet.
 11490 | D:9      | Noticed a two-headed ogre
 11497 | D:9      | Killed a deep elf mage
 11498 | D:9      | Killed a mana viper
 11499 | D:9      | Reached skill level 5 in Dodging
 11504 | D:9      | Killed a brown ugly thing
 11505 | D:9      | Reached skill level 5 in Evocations
 11510 | D:9      | Killed a two-headed ogre
 11549 | D:9      | Noticed a cyclops
 11554 | D:9      | Killed a cyclops
 11562 | D:9      | Reached **** piety under Vehumet
 11596 | D:9      | Identified the +5 ring mail of a Labyrinth {-Tele rPois
                  | rN++ Regen+}
 11602 | D:9      | Noticed a centaur warrior
 11612 | D:9      | Killed a centaur warrior
 11613 | D:9      | Reached skill level 10 in Earth Magic
 11790 | D:9      | Offered knowledge of Lightning Bolt by Vehumet.
 11808 | D:9      | Reached XP level 12. HP: 71/71 MP: 22/22
 11817 | D:9      | Identified Ruson's Volume of Summoning
 12084 | D:9      | Found Ofoosemi's Assorted Antiques.
 12096 | D:9      | Bought a fine dire flail for 297 gold pieces
 12096 | D:9      | Bought a scroll labelled ATUMAE DEDASOO for 33 gold pieces
 12096 | D:9      | Identified the +9 dire flail of the Aged Visions {vamp,
                  | Int+4 Dex+3} (You bought it in a shop on level 9 of the
                  | Dungeon)
 12097 | D:9      | Acquired 736 gold pieces
 12726 | D:9      | Noticed a boulder beetle
 12772 | D:10     | Entered Level 10 of the Dungeon
 12772 | D:10     | Found a staircase to the Lair.
 12838 | D:10     | Reached ***** piety under Vehumet
 12865 | D:10     | Offered knowledge of Iskenderun's Mystic Blast by Vehumet.
 12985 | D:10     | Found the +8 orange crystal plate armour {Archmagi, Int+3
                  | Clar}
 13083 | D:10     | Found Xuinem's Antique Weapon Shoppe.
 13766 | D:11     | Found a runed translucent door.
 13859 | D:11     | Found a portal to a secret trove of treasure.
 13873 | D:11     | Found a runed translucent gate.
 13874 | D:11     | Found a runed translucent gate.
 13875 | D:11     | Found a runed translucent gate.
 13875 | D:11     | Noticed pentaxis93's ghost (novice DrTm)
 14585 | D:11     | Found Jaodul's General Store.
 14588 | D:11     | Bought a scroll of holy word for 90 gold pieces
 14644 | D:11     | Offered knowledge of Irradiate by Vehumet.
 14666 | D:11     | Learned a level 5 spell: Irradiate
 15038 | D:12     | Noticed a two-headed ogre
 15042 | D:12     | Killed a two-headed ogre
 15195 | D:12     | Noticed a four-headed hydra
 15204 | D:12     | Killed a four-headed hydra
 15470 | D:12     | Reached XP level 13. HP: 54/78 MP: 25/25
 15498 | D:12     | Reached skill level 11 in Earth Magic
 15568 | D:12     | Found a staircase to the Orcish Mines.
 15931 | D:12     | Found a runed translucent door.
 15935 | D:12     | Noticed Morbidden's ghost (journeyman DsCj)
 15955 | D:12     | Killed Morbidden's ghost
 16363 | D:13     | Found a runed translucent door.
 16364 | D:13     | Noticed a yaktaur captain
 16364 | D:13     | Noticed a fire giant
 16955 | D:13     | Killed a yaktaur captain
 16960 | D:13     | Killed a fire giant
 16965 | D:13     | Identified Oleid's Incunabulum of Limited Liability
 17481 | D:13     | Reached skill level 10 in Conjurations
 17649 | D:13     | Noticed a rakshasa
 17663 | D:13     | Killed a rakshasa
 18111 | Lair:1   | Entered Level 1 of the Lair of Beasts
 18116 | Lair:1   | Offered knowledge of Conjure Ball Lightning by Vehumet.
 18245 | Lair:1   | Found an ancient bone altar of Kikubaaqudgha.
 18330 | Lair:1   | Gained mutation: Your large and strong wings let you fly
                  | indefinitely. [Gargoyle growth]
 18330 | Lair:1   | Reached XP level 14. HP: 86/86 MP: 26/27
 18784 | Lair:1   | Reached skill level 12 in Earth Magic
 19349 | Lair:2   | Noticed Gastronok
 19354 | Lair:2   | Noticed Sonja
 19368 | Lair:2   | Killed Gastronok
 19375 | Lair:2   | Killed Sonja
 19494 | Lair:2   | Noticed Dankas's ghost (journeyman GrFE)
 19671 | Lair:2   | Found a staircase to the Swamp.
 19700 | Lair:2   | Found a runed translucent gate.
 19700 | Lair:2   | Found a runed translucent gate.
 19700 | Lair:2   | Found a runed translucent gate.
 19746 | Lair:2   | Killed Dankas's ghost
 20135 | Lair:3   | Found a hole to the Spider Nest.
 20384 | Lair:3   | Reached skill level 10 in Fighting
 21726 | Lair:5   | Reached XP level 15. HP: 90/92 MP: 24/28
 21780 | Lair:5   | Reached skill level 13 in Earth Magic
 21928 | Lair:5   | Found a staircase to the Slime Pits.
 21929 | Lair:5   | Found a viscous altar of Jiyva.
 22261 | Lair:5   | Offered knowledge of Bolt of Magma by Vehumet.
 22268 | Lair:5   | Learned a level 5 spell: Bolt of Magma
 22586 | Lair:6   | Entered Level 6 of the Lair of Beasts
 22603 | Lair:6   | Reached skill level 1 in Fire Magic
 22664 | Lair:6   | Reached skill level 10 in Spellcasting
 22902 | Lair:6   | Reached ****** piety under Vehumet
 23268 | Lair:6   | Offered knowledge of Iskenderun's Battlesphere by Vehumet.
 23963 | Lair:6   | Found a runed translucent door.
 24180 | Lair:6   | Reached skill level 10 in Maces & Flails
 24661 | Lair:6   | Reached skill level 14 in Earth Magic
 25044 | Orc:1    | Entered Level 1 of the Orcish Mines
 25090 | Orc:1    | Noticed Majang's ghost (journeyman MiBe)
 25165 | Orc:1    | Found a runed translucent gate.
 25165 | Orc:1    | Found a runed translucent gate.
 25165 | Orc:1    | Found a runed translucent gate.
 25228 | Orc:1    | Killed Majang's ghost
 25295 | Orc:1    | Identified the Disquisition on Confrontation
 25304 | Orc:1    | Acquired 1200 gold pieces
 25649 | Orc:2    | Entered Level 2 of the Orcish Mines
 25650 | Orc:2    | Found a staircase to the Elven Halls.
 25795 | Orc:2    | Offered knowledge of Freezing Cloud by Vehumet.
 25824 | Orc:2    | Noticed Nessos
 25838 | Orc:2    | Killed Nessos
 25839 | Orc:2    | Reached XP level 16. HP: 81/100 MP: 30/30
 25917 | Orc:2    | Found Xafemama's Distillery.
 25921 | Orc:2    | Found Ramp's General Store.
 25929 | Orc:2    | Reached skill level 5 in Fire Magic
 26016 | Orc:2    | Bought a potion of cancellation for 120 gold pieces
 26016 | Orc:2    | Bought 2 potions of might for 120 gold pieces
 26016 | Orc:2    | Bought a potion of brilliance for 60 gold pieces
 26016 | Orc:2    | Bought a potion of brilliance for 60 gold pieces
 26016 | Orc:2    | Bought a potion of haste for 150 gold pieces
 26018 | Orc:2    | Bought a scroll of teleportation for 51 gold pieces
 26018 | Orc:2    | Bought a scroll of identify for 34 gold pieces
 26191 | Orc:2    | Found a roughly hewn altar of Beogh.
 26267 | Orc:2    | Found Lalese Voaru's Antique Armour Emporium.
 26275 | Orc:2    | Bought a polished cloak for 332 gold pieces
 26275 | Orc:2    | Identified the cursed +0 cloak "Aste" {Stlth+} (You bought
                  | it in a shop on level 2 of the Orcish Mines)
 26295 | Orc:2    | Noticed Snorg
 26300 | Orc:2    | Killed Snorg
 26714 | Orc:2    | Paralysed by an orc sorcerer for 2 turns
 27139 | Orc:2    | Found Serroil's Antique Armour Shop.
 27139 | Orc:2    | Found a one-way gate leading to the halls of Pandemonium.
 27139 | Orc:2    | Found Vuitocw's Gadget Boutique.
 27153 | Orc:2    | Bought a condenser vane for 440 gold pieces
 27155 | Orc:2    | Bought a ripped robe for 188 gold pieces
 27157 | Orc:2    | Identified the +1 robe "Saets" {rN+ Str+4 Dex-2 Stlth+}
                  | (You bought it in a shop on level 2 of the Orcish Mines)
 27482 | D:14     | Found a gate to the Vaults.
 27505 | D:14     | Noticed Frances
 27510 | D:14     | Found a gate leading to a gauntlet.
 27519 | Gauntlet | Entered a Gauntlet
 27519 | Gauntlet | Found a transporter.
 27594 | Gauntlet | Found a transporter.
 27598 | Gauntlet | Found a transporter.
 27606 | Gauntlet | Found a transporter.
 27610 | Gauntlet | Found a transporter.
 27614 | Gauntlet | Found a runed translucent door.
 27616 | Gauntlet | Found a runed translucent door.
 27618 | Gauntlet | Found a transporter.
 27622 | Gauntlet | Found a transporter.
 27630 | Gauntlet | Found a transporter.
 27634 | Gauntlet | Found a transporter.
 27641 | Gauntlet | Found a runed translucent door.
 27643 | Gauntlet | Found a transporter.
 27675 | Gauntlet | Found a transporter.
 27687 | Gauntlet | Found a transporter.
 27699 | Gauntlet | Found a transporter.
 27711 | Gauntlet | Found a transporter.
 27814 | Gauntlet | Offered knowledge of Iron Shot by Vehumet.
 27903 | Gauntlet | Learned a level 6 spell: Iron Shot
 27920 | Gauntlet | Got a scintillating pewter ring
 27921 | Gauntlet | Identified the ring "Adoy" {rElec Stlth+} (You found it in
                  | a Gauntlet)
 28045 | D:14     | Killed Frances
 28195 | D:14     | Acquired 829 gold pieces
 28578 | D:14     | Noticed Jorgrun
 28590 | D:14     | Killed Jorgrun
 28591 | D:14     | Reached skill level 15 in Earth Magic
 28839 | D:14     | Identified the +1 scimitar "Dysiwn" {drain, rPois Str+9
                  | Stlth+} (You found it on level 14 of the Dungeon)
 29390 | D:15     | Entered Level 15 of the Dungeon
 29800 | D:15     | Reached XP level 17. HP: 106/106 MP: 23/31
 30109 | D:15     | Found a staircase to the Depths.
 30454 | D:15     | Offered knowledge of Lehudib's Crystal Spear by Vehumet.
 30454 | D:15     | Offered knowledge of Shatter by Vehumet.
 30454 | D:15     | Offered knowledge of Tornado by Vehumet.
 30692 | Swamp:1  | Entered Level 1 of the Swamp
 30765 | Swamp:1  | Reached skill level 10 in Evocations
 32256 | Swamp:2  | Noticed Donald
 32604 | Swamp:2  | Killed Donald
 33161 | Swamp:2  | Reached skill level 16 in Earth Magic
 34225 | Swamp:4  | Entered Level 4 of the Swamp
 34346 | Swamp:3  | Reached XP level 18. HP: 98/112 MP: 18/33
 34467 | Spider:1 | Entered Level 1 of the Spider Nest
 34741 | Spider:1 | Reached skill level 10 in Dodging
 35648 | Spider:2 | Reached skill level 10 in Fire Magic
 37738 | Spider:4 | Entered Level 4 of the Spider Nest
 38094 | Elf:1    | Entered Level 1 of the Elven Halls
 38096 | Elf:1    | Reached skill level 17 in Earth Magic
 38592 | Elf:1    | Found Ircheegan's General Store.
 38604 | Elf:1    | Bought a scroll of identify for 34 gold pieces
 38695 | Elf:1    | Learned a level 5 spell: Fireball
 38706 | Elf:1    | Found a one-way gate to the infinite horrors of the Abyss.
 38706 | Elf:1    | Noticed Zarkath's ghost (veteran DsDe)
 38707 | Elf:1    | Found a transporter.
 38707 | Elf:1    | Identified the +0 scimitar of the Blowfly {distort, +Inv
                  | Will+ Int+3}
 38735 | Elf:1    | Found a transporter.
 38903 | Elf:1    | Identified Roxanne's Handbook of the Mountains
 38903 | Elf:1    | Noticed Roxanne
 38909 | Elf:1    | Killed Roxanne
 38910 | Elf:1    | Noticed an Ice Fiend
 38913 | Elf:1    | Noticed an Ice Fiend
 39113 | Elf:1    | Found a runed translucent gate.
 39113 | Elf:1    | Found a runed translucent gate.
 39113 | Elf:1    | Found a runed translucent gate.
 39113 | Elf:1    | Found a runed translucent gate.
 39113 | Elf:1    | Found a runed translucent gate.
 39115 | Elf:1    | Found a runed translucent gate.
 39162 | Elf:1    | Found Daoqol's Antique Armour Shop.
 39166 | Elf:1    | Bought a runed helmet for 247 gold pieces
 39542 | Elf:1    | Reached XP level 19. HP: 98/119 MP: 4/35
 40101 | Elf:2    | Found a runed translucent gate.
 40102 | Elf:2    | Found a runed translucent gate.
 40114 | Elf:2    | Found a runed translucent gate.
 40430 | Elf:2    | Found an ancient bone altar of Kikubaaqudgha.
 40815 | Elf:3    | Entered Level 3 of the Elven Halls
 41794 | Elf:3    | Reached skill level 18 in Earth Magic
 42276 | Elf:3    | Identified the Disquisition on Fetching Contamination
 42358 | Elf:3    | Found the +2 cloak of the Thief {*Fog Slay-2 SInv Stlth+}
 42366 | Elf:3    | Identified the +6 rapier of Autumn {drain, *Noise rElec
                  | Will+++ MP+9 Int-5}
 42443 | Elf:3    | Found the +6 shillelagh "Devastator" {shatter}
 42685 | Elf:3    | Upgraded the game from 0.26-a0-1038-gfb849e850a to
                  | 0.26-a0-1049-g242049e08c
 43090 | Spider:4 | Reached XP level 20. HP: 112/125 MP: 36/36
 43175 | Spider:4 | Reached skill level 19 in Earth Magic
 44159 | Spider:4 | Reached skill level 20 in Earth Magic
 44492 | Spider:4 | Learned a level 9 spell: Shatter
 44508 | Spider:4 | Got a gossamer rune of Zot
 44989 | Swamp:4  | Reached skill level 21 in Earth Magic
 44997 | Swamp:4  | Got a decaying rune of Zot
 45779 | Vaults:1 | Entered Level 1 of the Vaults
 45850 | Vaults:1 | Learned a level 8 spell: Ignition
 46566 | Vaults:1 | Reached skill level 22 in Earth Magic
 46684 | Vaults:1 | Reached XP level 21. HP: 82/131 MP: 37/37
 47538 | Vaults:2 | Found a flickering gateway to a bazaar.
 47544 | Bazaar   | Entered a bazaar
 47580 | Bazaar   | Found Entaathuh's Distillery.
 47622 | Bazaar   | Found Aceqios's Antique Weapon Emporium.
 47643 | Bazaar   | Found Ajuned's Antique Weapon Shoppe.
 47649 | Bazaar   | Bought an ebony flail for 161 gold pieces
 47649 | Bazaar   | Identified the +4 flail of the Singing Hero {freeze, rPois
                  | rC+} (You bought it in a shop in a bazaar)
 47670 | Bazaar   | Bought 2 potions of cancellation for 256 gold pieces
 47670 | Bazaar   | Bought a potion of heal wounds for 80 gold pieces
 47670 | Bazaar   | Bought a potion of mutation for 128 gold pieces
 47670 | Bazaar   | Bought a potion of mutation for 128 gold pieces
 47670 | Bazaar   | Bought a potion of resistance for 160 gold pieces
 47670 | Bazaar   | Bought 2 potions of invisibility for 256 gold pieces
 47670 | Bazaar   | Bought a potion of berserk rage for 80 gold pieces
 47670 | Bazaar   | Bought 2 potions of might for 128 gold pieces
 47670 | Bazaar   | Bought a potion of berserk rage for 80 gold pieces
 47840 | Vaults:2 | Noticed Jory
 47846 | Vaults:2 | Killed Jory
 47975 | Vaults:2 | Gained mutation: You are dopey. (Int -2) [a shining eye]
 47980 | Vaults:2 | Gained mutation: Your magical capacity is low. (-10% MP) [a
                  | shining eye]
 47999 | Vaults:2 | Lost mutation: Your magical capacity is low. (-10% MP)
                  | [potion of mutation]
 47999 | Vaults:2 | Lost mutation: You are agile. (Dex +2) [potion of mutation]
 47999 | Vaults:2 | Gained mutation: Scrolls take you a little longer to read.
                  | [potion of mutation]
 47999 | Vaults:2 | Lost mutation: Scrolls take you a little longer to read.
                  | [potion of mutation]
 47999 | Vaults:2 | Gained mutation: Your muscles are strong. (Str +2) [potion
                  | of mutation]
 47999 | Vaults:2 | Gained mutation: You are partially covered in large bone
                  | plates. (SH +4) [potion of mutation]
 49126 | Vaults:3 | Paralysed by a sphinx for 3 turns
 49180 | Vaults:3 | Found Daetwesk's General Store.
 49235 | Vaults:3 | Bought a potion of heal wounds for 85 gold pieces
 49235 | Vaults:3 | Bought a scroll of teleportation for 51 gold pieces
 49681 | Vaults:3 | Reached skill level 15 in Conjurations
 49758 | Vaults:3 | Reached XP level 22. HP: 138/138 MP: 39/39
 50359 | Vaults:3 | Found a staircase to the Crypt.
 50779 | Vaults:3 | Identified Sif Muna's Compendium of Ghastly Venom
 51059 | Vaults:4 | Paralysed by a sphinx for 7 turns
 51061 | Vaults:4 | Noticed Xtahua
 51084 | Vaults:4 | Paralysed by Xtahua for 5 turns
 51465 | Vaults:4 | Killed Xtahua
 51697 | Vaults:4 | Found the +4 robe of Augmentation {Str+4 Int+4 Dex+4}
 52736 | Vaults:5 | Entered Level 5 of the Vaults
 52740 | Vaults:5 | Reached skill level 15 in Fighting
 52744 | Vaults:5 | Reached skill level 15 in Fire Magic
 53120 | Vaults:5 | Reached XP level 23. HP: 130/144 MP: 40/40
 53457 | Vaults:5 | Noticed a golden dragon
 54105 | Vaults:5 | Noticed a golden dragon
 54115 | Vaults:5 | Killed a golden dragon
 54116 | Vaults:5 | Killed a golden dragon
 54439 | Vaults:5 | Noticed Mara
 54448 | Vaults:5 | Killed Mara
 54621 | Vaults:5 | Acquired the +7 eveningstar of Starshine {drain, Str+4}
 54679 | Vaults:5 | Reached XP level 24. HP: 152/152 MP: 41/41
 55760 | Vaults:5 | Found Neusir's Gadget Shoppe.
 55797 | Vaults:5 | Found Mistaor's Gadget Shoppe.
 55982 | Vaults:5 | Found Odivvyzo's Distillery.
 55986 | Vaults:5 | Bought a potion of resistance for 210 gold pieces
 55986 | Vaults:5 | Bought a potion of curing for 63 gold pieces
 55986 | Vaults:5 | Bought a potion of cancellation for 168 gold pieces
 55986 | Vaults:5 | Bought a potion of ambrosia for 168 gold pieces
 55986 | Vaults:5 | Bought a potion of curing for 63 gold pieces
 55986 | Vaults:5 | Bought a potion of cancellation for 168 gold pieces
 56004 | Vaults:5 | Found Ziohetie's Magic Scroll Shop.
 56009 | Vaults:5 | Bought a scroll of identify for 32 gold pieces
 56009 | Vaults:5 | Bought a scroll of identify for 32 gold pieces
 56009 | Vaults:5 | Bought a scroll of identify for 32 gold pieces
 56009 | Vaults:5 | Bought a scroll of teleportation for 48 gold pieces
 56009 | Vaults:5 | Bought a scroll of identify for 32 gold pieces
 56009 | Vaults:5 | Bought a scroll of identify for 32 gold pieces
 56141 | Vaults:5 | Found Buphunuu's Antique Weapon Shoppe.
 56151 | Vaults:5 | Got a silver rune of Zot
 56191 | Vaults:5 | Found Rifurud's Magic Scroll Boutique.
 56195 | Vaults:5 | Bought a scroll of identify for 44 gold pieces
 56195 | Vaults:5 | Bought a scroll of magic mapping for 77 gold pieces
 56195 | Vaults:5 | Bought a scroll of identify for 44 gold pieces
 56206 | Vaults:5 | Found Araceil's Magic Scroll Shoppe.
 56210 | Vaults:5 | Bought a scroll of identify for 22 gold pieces
 56210 | Vaults:5 | Bought a scroll of holy word for 82 gold pieces
 56217 | Vaults:5 | Found Pampaed's Distillery.
 56221 | Vaults:5 | Bought 2 potions of might for 152 gold pieces
 56221 | Vaults:5 | Bought a potion of curing for 57 gold pieces
 56221 | Vaults:5 | Bought a potion of resistance for 190 gold pieces
 56221 | Vaults:5 | Bought a potion of curing for 57 gold pieces
 56221 | Vaults:5 | Bought a potion of brilliance for 76 gold pieces
 56221 | Vaults:5 | Bought a potion of heal wounds for 95 gold pieces
 56221 | Vaults:5 | Bought a potion of brilliance for 76 gold pieces
 56221 | Vaults:5 | Bought a potion of invisibility for 152 gold pieces
 56221 | Vaults:5 | Bought a potion of haste for 190 gold pieces
 56221 | Vaults:5 | Bought a potion of haste for 190 gold pieces
 56548 | Crypt:1  | Entered Level 1 of the Crypt
 56890 | Crypt:1  | Identified the +5 pair of boots "Deitwon" {rF+ Will+ Slay-6
                  | Stlth+} (You found it on level 1 of the Crypt)
 56948 | Crypt:1  | Reached skill level 15 in Maces & Flails
 56960 | Crypt:1  | Acquired 535 gold pieces
 56961 | Crypt:1  | Acquired 870 gold pieces
 57355 | Crypt:1  | Identified the +8 broad axe "Ponner" {venom, rF++}
 59852 | Crypt:3  | Entered Level 3 of the Crypt
 60384 | Crypt:3  | Acquired 912 gold pieces
 60491 | Crypt:3  | Identified the Tome of Sinister Rites
 60508 | Crypt:3  | Learned a level 9 spell: Fire Storm
 60509 | Crypt:3  | Identified the +1 robe of Recklessness {rF+ rC+ Will-} (You
                  | found it on level 3 of the Crypt)
 60566 | Crypt:3  | Reached XP level 25. HP: 158/159 MP: 41/41
 60611 | Crypt:3  | Found a staircase to the Tomb.
 60802 | Crypt:3  | Got a translucent ruby amulet
 60803 | Crypt:3  | Identified the amulet of Ocku Nox {Regen+ Dex+3 Stlth+}
                  | (You found it on level 3 of the Crypt)
 61055 | Crypt:3  | Got a glittering brass ring
 61055 | Crypt:3  | Got a scorched copper ring
 61056 | Crypt:3  | Identified the ring of Agnosticism {rElec rN+ MP+9} (You
                  | found it on level 3 of the Crypt)
 61057 | Crypt:3  | Identified the ring of Fiuvvay {rPois rC+ rN+ Will+++
                  | Dex-5} (You found it on level 3 of the Crypt)
 61380 | Crypt:3  | Found an ancient bone altar of Kikubaaqudgha.
 61393 | Crypt:3  | Noticed an ancient lich
 61396 | Crypt:3  | Killed an ancient lich
 61397 | Crypt:3  | Reached skill level 15 in Spellcasting
 61397 | Crypt:3  | Noticed an ancient lich
 61399 | Crypt:3  | Killed an ancient lich
 61457 | Crypt:3  | Identified the +5 flail "Nocy" {pain, Will+} (You found it
                  | on level 3 of the Crypt)
 61892 | Depths:1 | Entered Level 1 of the Depths
 61931 | Depths:1 | Noticed Aizul
 61934 | Depths:1 | Killed Aizul
 63093 | Depths:1 | Identified the +0 robe of Philately {Will+ Str+6 Int+4}
                  | (You found it on level 1 of the Depths)
 63658 | Depths:1 | Found Giacum's Gadget Shop.
 63658 | Depths:1 | Found Ucousihu's Jewellery Shoppe.
 63659 | Depths:1 | Found Deumn's Jewellery Shoppe.
 63693 | Depths:1 | Found a sparkling altar of Nemelex Xobeh.
 63737 | Depths:1 | Found a gateway to Hell.
 63802 | Depths:2 | Reached XP level 26. HP: 123/166 MP: 42/42
 63885 | Depths:2 | Noticed Asterion
 63900 | Depths:2 | Killed Asterion
 64218 | Depths:2 | Found a gateway to a ziggurat.
 67792 | Depths:4 | Reached XP level 27. HP: 173/173 MP: 43/43
 68424 | Depths:5 | Entered Level 5 of the Depths
 68512 | Depths:5 | Noticed a juggernaut
 68544 | Depths:5 | Killed a juggernaut
 68669 | Depths:5 | Found Nomost's Assorted Antiques.
 68751 | Depths:5 | Bought a potion of brilliance for 152 gold pieces
 68751 | Depths:5 | Bought a potion of magic for 304 gold pieces
 68751 | Depths:5 | Bought 2 scrolls of magic mapping for 266 gold pieces
 68751 | Depths:5 | Bought a scroll of identify for 76 gold pieces
 69090 | Depths:5 | Found a gate to the Realm of Zot.
 69713 | Zig:1    | Entered Level 1 of a ziggurat
 69734 | Zig:2    | Entered Level 2 of a ziggurat
 69759 | Zig:2    | Got a steaming amber ring
 69760 | Zig:2    | Identified the cursed ring "Xat Edin" {+Inv rF+++ Str-5
                  | Int-4 Dex-5} (You found it on level 2 of a ziggurat)
 69768 | Zig:3    | Entered Level 3 of a ziggurat
 69790 | Zig:4    | Entered Level 4 of a ziggurat
 69830 | Zig:4    | Learned a level 4 spell: Dispel Undead
 69834 | Zig:5    | Entered Level 5 of a ziggurat
 69839 | Zig:5    | Noticed Zujioches the pandemonium lord
 69848 | Zig:5    | Killed Zujioches the pandemonium lord
 70081 | Zig:6    | Entered Level 6 of a ziggurat
 70090 | Zig:6    | Reached skill level 1 in Necromancy
 70091 | Zig:6    | Found the +9 heavy crossbow "Sniper" {vorpal, Acc+∞ SInv}
 70127 | Zig:7    | Entered Level 7 of a ziggurat
 70189 | Zig:7    | Got a scorched wooden ring
 70190 | Zig:7    | Identified the ring of Voecziuh {rF++ Will+ Str+6 Dex+5}
                  | (You found it on level 7 of a ziggurat)
 70210 | Zig:8    | Entered Level 8 of a ziggurat
 70374 | Zig:9    | Entered Level 9 of a ziggurat
 70384 | Zig:9    | Reached skill level 15 in Dodging
 70444 | Zig:10   | Entered Level 10 of a ziggurat
 70639 | Zig:11   | Entered Level 11 of a ziggurat
 70662 | Zig:11   | Got a scorched wooden ring
 70665 | Zig:11   | Identified the ring of Pypin {rF+ rCorr Int+5 Dex+3} (You
                  | found it on level 11 of a ziggurat)
 70676 | Zig:11   | Identified the +3 leather armour "Epygorha" {rC+ Str+5}
                  | (You found it on level 11 of a ziggurat)
 70689 | Zig:11   | Learned a level 8 spell: Necromutation
 70698 | Zig:11   | Identified Sif Muna's Compendium of Congealing Moulding
 70704 | Zig:12   | Entered Level 12 of a ziggurat
 70732 | Zig:12   | Identified Cerebov's Compendium of Attacks and the
                  | Volcanoes
 70738 | Zig:12   | Got a shimmering brass amulet
 70739 | Zig:12   | Identified the amulet of Mirth {*Corrode Regen+ Int+6
                  | Slay+4} (You found it on level 12 of a ziggurat)
 70809 | Zig:13   | Entered Level 13 of a ziggurat
 70818 | Zig:13   | Reached skill level 5 in Necromancy
 70819 | Zig:13   | Cast into level 3 of the Abyss (spatial maelstrom)
 70819 | Abyss:3  | Found a corrupted altar of Lugonu.
 70954 | Abyss:3  | Gained mutation: Scrolls take you a little longer to read.
                  | [a neqoxec]
 70962 | Abyss:3  | Gained mutation: Scrolls take you longer to read. [a
                  | neqoxec]
 71156 | Abyss:3  | Reached skill level 5 in Transmutations
 71164 | Abyss:3  | Got an abyssal rune of Zot
 71196 | Zig:13   | Escaped the Abyss
 71379 | Zig:13   | Identified the +2 leather armour of Privacy {Will+ Dex+4}
                  | (You found it on level 13 of a ziggurat)
 71379 | Zig:13   | Identified the Disquisition on the Snowflakes and the
                  | Entourage
 71386 | Zig:13   | Lost mutation: Your muscles are strong. (Str +2) [potion of
                  | mutation]
 71386 | Zig:13   | Gained mutation: You are extremely frail. (-30% HP) [potion
                  | of mutation]
 71386 | Zig:13   | Lost mutation: Scrolls take you longer to read. [potion of
                  | mutation]
 71386 | Zig:13   | Gained mutation: You can translocate small distances at
                  | will. [potion of mutation]
 71387 | Zig:13   | Lost mutation: You are dopey. (Int -2) [potion of mutation]
 71387 | Zig:13   | Lost mutation: Scrolls take you a little longer to read.
                  | [potion of mutation]
 71387 | Zig:13   | Lost mutation: You are extremely frail. (-30% HP) [potion
                  | of mutation]
 71387 | Zig:13   | Gained mutation: Your magical capacity is low. (-10% MP)
                  | [potion of mutation]
 71387 | Zig:13   | Gained mutation: You are covered in fur. (AC +1) [potion of
                  | mutation]
 71388 | Zig:13   | Lost mutation: Your magical capacity is low. (-10% MP)
                  | [potion of mutation]
 71388 | Zig:13   | Lost mutation: You can translocate small distances at will.
                  | [potion of mutation]
 71388 | Zig:13   | Lost mutation: You are partially covered in large bone
                  | plates. (SH +4) [potion of mutation]
 71388 | Zig:13   | Gained mutation: You are dopey. (Int -2) [potion of
                  | mutation]
 71388 | Zig:13   | Lost mutation: You are dopey. (Int -2) [potion of mutation]
 71390 | Zig:14   | Entered Level 14 of a ziggurat
 71412 | Zig:14   | Noticed Huceat the pandemonium lord
 71412 | Zig:14   | Noticed Cenoint the pandemonium lord
 71413 | Zig:14   | Noticed Vigut the pandemonium lord
 71413 | Zig:14   | Noticed Xuvvea the pandemonium lord
 71414 | Zig:14   | Noticed Ydaim the pandemonium lord
 71414 | Zig:14   | Killed Xuvvea the pandemonium lord
 71416 | Zig:14   | Noticed Qisuih the pandemonium lord
 71417 | Zig:14   | Killed Ydaim the pandemonium lord
 71420 | Zig:15   | Entered Level 15 of a ziggurat
 71451 | Zig:15   | Noticed Owohesae the pandemonium lord
 71454 | Zig:15   | Noticed Cicecw the pandemonium lord
 71455 | Zig:15   | Noticed Feam Ohesiecw the pandemonium lord
 71457 | Zig:15   | Noticed Fisivvem the pandemonium lord
 71459 | Zig:15   | Paralysed by you for 6 turns
 71463 | Zig:15   | HP: 6/176 [stone giant (shapeshifter) (24)]
 71463 | Zig:15   | Demolished by Feam Ohesiecw the pandemonium lord

Illustrated notes

Levels and vault maps discovered:
D:1:      roderic_dead_forest, layout_loops_ring
D:2:      layout_loops_ring, regret_index_temple_of_mockery, uniq_jessica
D:3:      layout_loops_ring, grunt_temple_overflow_diamond,
          gammafunk_ghost_split, minivault_5, lemuel_blue_sif_altar
D:4:      minmay_chambers_of_fours, layout_basic, kennysheep_little_box,
          kennysheep_mini_moat, guppyfry_shop_venom, uniq_edmund,
          uniq_crazy_yiuf_cottage, uniq_ijyb
D:5:      cheibrodos_iron_armory, layout_loops_ring, lemuel_crystal_altar,
          minmay_temple_entry_from_below_b, serial_shops, shop,
          nicolae_ossuary_entry_monument, uniq_duvessa
D:6:      layout_layer_cave, st_stairs_13, uniq_prince_ribbit1
D:7:      minmay_inner_zag, layout_basic, evilmike_ruin_ashenzari,
          minmay_fountain_box, minmay_misc_feat_room, grunt_ogre_cave, eino_jars
D:8:      minmay_evil_eye, layout_loops_ring, fedhas_bush_and_centaur_altar,
          minmay_misc_feat_columns, lightli_church_of_beogh
D:9:      minmay_the_grid_square_5x5_4x4
          [minmay_the_grid_square_5x5_checkered_sparse,
          minmay_the_grid_square_5x5_pentomino_r,
          minmay_the_grid_square_5x5_almost_minimal,
          minmay_the_grid_square_5x5_two_walls_b,
          minmay_the_grid_square_5x5_two_small,
          minmay_the_grid_square_5x5_prize_junk,
          minmay_the_grid_square_5x5_prize_snowflake,
          minmay_the_grid_square_5x5_slash,
          minmay_the_grid_square_5x5_hourglass,
          minmay_the_grid_square_5x5_prize_monsterx,
          minmay_the_grid_square_5x5_prize_deathbox,
          minmay_the_grid_square_5x5_checkered,
          minmay_the_grid_square_5x5_three, minmay_the_grid_square_5x5_n_small,
          minmay_the_grid_square_5x5_minivault,
          minmay_the_grid_square_5x5_inner_v], layout_rooms, serial_shops, shop,
          hangedman_decor_clover_reticule, chequers_serial_rivers_micro_a,
          grunt_ministairs_8, evilmike_minifort
D:10:     layout_loops_ring, lair_entry_dummy, serial_shops, shop
D:11:     cheibrodos_shockbox, layout_irregular_city,
          nicolae_trove_entry_free_sample, serial_shops, kennysheep_mini,
          ebering_ghost_rock_garden, st_stairs_10
D:12:     layout_basic, hiddenorc1_lemuel, serial_corexii_hall,
          corexii_hall_statues_t, corexii_hall_statues_i,
          ebering_ghost_reflecting_pool
D:13:     nrook_guardian_serpent_snake_passage, layout_gridville,
          kennysheep_treasure_room
D:14:     kennysheep_bubbly, layout_small_grid, gauntlet_entry_generic,
          minmay_beelzebubs_servants, uniq_frances, uniq_jorgrun
D:15:     grunt_enter_depths_magical_seal, layout_loops_ring, nicolae_wwwww
Temple:   nicolae_temple_no_exploring_needed
Lair:1:   layout_gridlike, basic_altar, grunt_megastairs_3
Lair:2:   layout_loops_ring, minmay_swamp_entry_wisps,
          maelrawn_ghost_gauntlet_escape, uniq_sonja, uniq_gastronok
Lair:3:   layout_cave_shapes, spider_nest_entry_web_field, st_stairs_9,
          chequers_serial_rivers_small_b
Lair:4:   statuecave_lemuel, layout_gridlike, chequers_serial_rivers_micro_e,
          st_stairs_3
Lair:5:   layout_loops_ring, slime_altar_1, eino_house_with_fridge,
          serial_bayou_shore_a, minmay_lair_oklob_chamber
Lair:6:   hangedman_lair_caniforms_friends, layout_regular_city, wormcave,
          infiniplex_staircase_pool, grunt_megastairs_5
Swamp:1:  layout_falls_marsh, hangedman_swamp_pad, lightli_tree_ring
Swamp:2:  layout_basic_swamp, nicolae_swamp_little_tower, swamp_pool2,
          uniq_donald
Swamp:3:  layout_basic_swamp, nicolae_swamp_feature_on_the_river_bank,
          swamp_pool5, grunt_hermit_hut
Swamp:4:  swamp_basic_johnstein, layout_basic_swamp, swamp_pool1
Spider:1: layout_spider_delve
Spider:2: layout_chambers, drop_trap, hangedman_spider_tarantella_strand
Spider:3: layout_spider_delve
Spider:4: grunt_spider_rune_circles
Orc:1:    layout_diamond_mine, gammafunk_ghost_split
Orc:2:    pf_orc_diabolical, layout_caves, basic_altar, serial_shops,
          shop_statue, uniq_nessos, uniq_snorg
Elf:1:    elf_arrival_002, layout_loops_cross, gammafunk_ghost_abyssal_escape,
          serial_shops, nicolae_shop_stone, nicolae_shop_crystal, orc_legates,
          hex_tiny, dk_noncrumbling_4, uniq_roxanne
Elf:2:    layout_gridlike, basic_altar, serial_aquarium,
          aquarium_bridge_island_large [aquarium_subvault_large_water,
          aquarium_subvault_bridge, aquarium_subvault_bridge,
          aquarium_subvault_balcony, aquarium_subvault_bridge],
          aquarium_window_corner, aquarium_window_1, aquarium_window_corridor_3,
          aquarium_window_1, aquarium_view_2f
Elf:3:    elf_hall_gauntlet_narrow, layout_geoelf_castle
Vaults:1: nicolae_vaults_disjoint_gnomons, vaults_mumra_minichess, v_misc_5,
          vaults_room_ringed_pool, v_pattern_3, nicolae_vaults_halls_meeting,
          v_alt_pattern_2, v_misc_1, ontoclasm_vaults_loading_screen,
          vaults_room_stairs_pillars, vaults_room_semicircle,
          hangedman_vaults_stretched_pinwheel, vaults_dpeg_hooks,
          layout_vaults_ring
Vaults:2: vaults_room_corners, st_more_cells, grunt_vaults_bifocal, v_misc_24,
          ontoclasm_vaults_ring_large, vaults_room_fours, v_misc_3,
          vaults_room_semicircle, nicolae_vaults_big_ls, layout_vaults_big_room,
          serial_shops, bzr_entry_safe, uniq_jory
Vaults:3: vaults_standard_mumra_x, hangedman_vaults_locks, st_check,
          nicolae_vaults_network_star, vaults_room_grunt_arrival_ludios,
          hangedman_vaults_pinch, v_misc_13, v_misc_25, v_misc_10, v_misc_8,
          nicolae_vaults_circle_grid_a, blue_anna_dwarven_crypt,
          hangedman_vaults_corner_blocks, vaults_dpeg_encased_lava,
          nicolae_vaults_little_squares_2, vaults_room_hallway,
          layout_vaults_maze, serial_shops, shop
Vaults:4: nicolae_vaults_what_the_h, nicolae_vaults_rhombus_7, v_misc_18,
          v_rooms_1, grunt_vaults_twisty,
          vaults_standard_mumra_enter_the_diamond, vaults_mumra_hexcomb,
          layout_vaults_omnigrid, uniq_xtahua
Vaults:5: uniq_mara
Crypt:1:  hangedman_screamer, layout_misc_corridors, pandoras_box_mu
Crypt:2:  layout_catacombs, ebering_dispersal_statue_hall, grunt_megastairs_4
Crypt:3:  quadcrypt_mu
Depths:1: layout_basic, minmay_misc_feat_tiny, lightli_too_deep,
          grunt_decor_junction, serial_bayou_ford_a,
          nemelex_diamond_rough_becter, minmay_shop_grove, grunt_megastairs_1,
          serial_bayou_shore_b, uniq_aizul
Depths:2: minmay_skeletal_surprise, layout_gridlike, enter_ziggurat_b,
          hellmouth_1, kennysheep_doodads, serial_bayou_lagoon_a,
          minmay_guarded_unrand_wrath_of_trog, uniq_asterion
Depths:3: minmay_quantized_circle, layout_cave_shapes, hell_entry,
          rand_demon_pan_entry_7, serial_bayou_pond_d, kennysheep_cluttered_room
Depths:4: hangedman_hanging_gardens, layout_gridlike,
          grunt_hell_entry_dis_grunt, pan_entry, abyss_entry
Depths:5: grunt_zot_entry_tricorne, layout_cross, hell_entry, serial_shops,
          nicolae_shop_trees
Zig:15:   ziggurat_pillar_abc, ziggurat_pillar_abc, ziggurat_pillar_abc,
          ziggurat_pillar_abc

Skill      XL: |  1  2  3  4  5  6  7  8  9 10 11 12 13 14 15 16 17 18 19 20 21 22 23 24 25 26 27 |
---------------+----------------------------------------------------------------------------------+-----
Earth Magic    | 4 5 6 7 8 9 10 11 12 14 15 16 17 18 22 | 22.0
Conjurations   | 1 2 4 5 6 7 8 9 10 11 12 13 14 15 16 17 18 19 | 19.2
Spellcasting   | 3 4 5 6 7 8 9 10 11 12 13 14 15 16 | 16.8
Dodging        | 2 3 4 5 6 7 8 9 10 11 12 13 14 15 | 15.0
Maces & Flails | 1 2 3 4 6 7 8 9 10 11 12 13 14 15 16 | 16.0
Fighting       | 1 2 4 5 6 7 9 10 11 12 13 14 15 16 17 18 | 18.8
Armour         | 1 2 4 5 6 |  6.0
Evocations     | 2 3 4 5 6 7 8 9 10 | 10.0
Fire Magic     | 4 7 9 11 12 13 15 16 17 18 19 20 | 20.8
Necromancy     | 8 |  8.3
Transmutations | 6 |  6.1
Stealth        | |  2.4

Action                   |  1- 3 |  4- 6 |  7- 9 | 10-12 | 13-15 | 16-18 | 19-21 | 22-24 | 25-27 || total
-------------------------+-------+-------+-------+-------+-------+-------+-------+-------+-------++-------
Melee: Club              |   146 |   100 |       |       |       |       |       |       |       ||   246
       Dire flail        |       |   101 |   397 |   595 |  1286 |   908 |   755 |   168 |       ||  4210
       Eveningstar       |       |       |       |       |       |       |       |   476 |   532 ||  1008
Throw: Throwing net      |       |       |       |       |       |     1 |       |       |       ||     1
 Cast: Sandblast         |    24 |    21 |    34 |    56 |    27 |     7 |     1 |       |       ||   170
       Stone Arrow       |       |     1 |     7 |    17 |    28 |     5 |       |       |     2 ||    60
       Lee's Rapid Decon |       |       |     7 |    60 |    55 |   100 |    35 |    13 |     6 ||   276
       Irradiate         |       |       |       |     2 |    20 |    37 |    13 |       |       ||    72
       Bolt of Magma     |       |       |       |       |    17 |    57 |    33 |       |       ||   107
       Iron Shot         |       |       |       |       |       |   195 |   160 |    54 |    93 ||   502
       Fireball          |       |       |       |       |       |       |    18 |       |       ||    18
       Shatter           |       |       |       |       |       |       |    32 |    83 |   130 ||   245
       Ignition          |       |       |       |       |       |       |    27 |    46 |    50 ||   123
       Fire Storm        |       |       |       |       |       |       |       |       |    22 ||    22
 Abil: Evoke Flight      |       |       |       |     3 |       |       |       |       |       ||     3
       Fly               |       |       |       |       |     2 |       |       |       |       ||     2
       Stop Flying       |       |       |       |       |     1 |       |       |       |       ||     1
Evoke: Wand              |       |       |       |     5 |     6 |     3 |       |       |       ||    14
       Lightning rod     |       |       |       |       |     4 |     1 |     5 |       |       ||    10
       Tin of tremorston |       |       |       |       |       |     1 |     2 |       |       ||     3
       Condenser vane    |       |       |       |       |       |     1 |     3 |       |     1 ||     5
       Phantom mirror    |       |       |       |       |       |       |     2 |     1 |       ||     3
       Box of beasts     |       |       |       |       |       |       |       |     1 |       ||     1
  Use: Scroll            |       |    16 |     5 |    11 |    15 |    18 |     6 |    18 |    33 ||   122
       Potion            |       |     1 |     1 |     9 |     9 |     8 |     6 |     8 |    19 ||    61
 Stab: Sleeping          |     3 |     7 |     7 |     7 |     9 |     2 |       |       |       ||    35
       Distracted        |       |       |     1 |     1 |       |       |       |     3 |     5 ||    10
       Confused          |       |       |       |       |       |       |     1 |       |       ||     1
Armor: Robe              |    61 |   104 |       |       |       |       |       |   318 |   298 ||   781
       Leather armour    |       |     9 |   235 |   392 |   775 |   796 |   552 |    51 |       ||  2810
Dodge: Dodged            |   120 |   180 |   256 |   554 |  1314 |  1187 |   746 |   526 |   581 ||  5464
Block: Other             |       |       |       |       |       |       |    18 |    93 |    94 ||   205

Table legend: (Time is in decaauts)
 A = Elapsed time spent in this place.
 B = Non-inter-level travel time spent in this place.
 C = Inter-level travel time spent in this place.
 D = Time resting spent in this place.
 E = Time spent auto-exploring this place.
 F = Levels seen in this place.
 G = Mean time per level.
                   A        B        C        D        E       F      G
               +--------+--------+--------+--------+--------+-----+--------+
         Total |  70824 |  66550 |   4274 |  13736 |  36890 |  67 | 1057.1 |
       Dungeon |  21116 |  19676 |   1440 |   2991 |  11996 |  15 | 1407.7 |
        Temple |     16 |     10 |      6 |      0 |      0 |   1 |   16.0 |
          Lair |   7363 |   6726 |    637 |    722 |   4354 |   6 | 1227.2 |
         Swamp |   4572 |   4354 |    218 |   1376 |   2209 |   4 | 1143.0 |
   Spider Nest |   4906 |   4461 |    445 |    887 |   2649 |   4 | 1226.5 |
  Orcish Mines |   2654 |   2555 |     99 |    823 |   1076 |   2 | 1327.0 |
   Elven Halls |   4210 |   4033 |    177 |   1017 |   2044 |   3 | 1403.3 |
        Vaults |  10453 |   9856 |    597 |   2672 |   5473 |   5 | 2090.6 |
         Crypt |   5118 |   4806 |    312 |    614 |   2555 |   3 | 1706.0 |
        Depths |   7474 |   7135 |    339 |   1707 |   3901 |   5 | 1494.8 |
         Abyss |    324 |    324 |      0 |     20 |     25 |   1 |  324.0 |
      Ziggurat |   1351 |   1351 |      0 |    774 |      0 |  15 |   90.1 |
        Bazaar |    139 |    139 |      0 |      0 |    104 |   1 |  139.0 |
       Ossuary |    617 |    617 |      0 |     91 |    230 |   1 |  617.0 |
      Gauntlet |    504 |    504 |      0 |     40 |    273 |   1 |  504.0 |
               +--------+--------+--------+--------+--------+-----+--------+

Top non-repeatable levels by time:
Vaults:4: 3282 daAuts
Vaults:3: 2354 daAuts
  Lair:6: 2254 daAuts
   Orc:2: 2065 daAuts
     D:8: 2022 daAuts
    D:12: 1899 daAuts
   Elf:3: 1821 daAuts
 Crypt:2: 1811 daAuts
 Crypt:3: 1808 daAuts
Depths:1: 1805 daAuts
Vaults:1: 1782 daAuts
    D:13: 1741 daAuts
 Swamp:1: 1649 daAuts
     D:9: 1622 daAuts
Vaults:5: 1606 daAuts
